NEW YORK I vs CALGARY

Created - May 6, 2021 at 15:30

Goals
1 2 3 T
NEW YORK I 2 1 1 4
CALGARY 2 3 2 7
Shots
1 2 3 T
NEW YORK I 9 12 10 31
CALGARY 10 10 6 26

1st period

1. CALGARY , Mitchell Marner 19 (Jaccob Slavin 37, Patrik Laine 17) at 0:20
2. CALGARY , Jaccob Slavin 7 (Elias Pettersson 22, Patrik Laine 18) at 1:54 (PP)
3. NEW YORK I , Nick Foligno 19 (Logan Couture 29, Matt Dumba 21) at 8:15
4. NEW YORK I , Josh Bailey 10 (Logan Couture 30, Rasmus Ristolainen 25) at 9:37

Penalties :
Scott Mayfield (NYI) for Goalie Interference (Minor) at 1:37, Mikhail Sergachev (CGY) for Cross-checking (Minor) at 16:15

2nd period

5. NEW YORK I , Matt Dumba 6 (Boone Jenner 12, Marcus Foligno 10) at 2:43
6. CALGARY , Mitchell Marner 20 (Patrik Laine 19, Jaccob Slavin 38) at 3:17
7. CALGARY , Jamie Benn 18 (Blake Coleman 7) at 3:25
8. CALGARY , Tyler Bertuzzi 12 (Jaccob Slavin 39, Blake Coleman 8) at 17:13

Penalties :
Jake Gardiner (CGY) for Holding (Minor) at 3:52, Zach Bogosian (CGY) for Charging (Minor) at 10:44, Rasmus Ristolainen (NYI) for Holding (Minor) at 13:41, Rasmus Ristolainen (NYI) for Elbowing (Minor) at 19:54

3rd period

9. CALGARY , Rasmus Dahlin 5 (Tyler Bertuzzi 17, Brock Boeser 29) at 1:08 (PP)
10. CALGARY , Blake Coleman 11 (Zach Bogosian 9, Jamie Benn 23) at 11:49
11. NEW YORK I , Matt Dumba 7 (Anthony Mantha 17, Ryan Strome 30) at 13:00

Penalties :
Patrik Laine (CGY) for High sticking (Minor) at 2:25

Goalie Stats

Curtis McElhinney (NYI), 4 saves from 5 shots - (0.800), 18:52 minutes
Jacob Markstrom (NYI), 15 saves from 21 shots - (0.714), L, 33-17-4, 41:08 minutes
Pavel Francouz (CGY), 27 saves from 31 shots - (0.871), W, 30-15-4, 60:00 minutes

Players Stats for NEW YORK I

Player Name              G  A  P  +/- PIM S  H  SB GA TA FO     MP     PP MP  PK MP  
------------------------------------------------------------------------------------
Anthony Mantha           0  1  1  -1  0   3  3  0  0  0  0/0    17:18   3:30   0:00 
Austin Watson            0  0  0   0  0   0  0  1  0  0  0/0    15:25   0:00   3:12 
Ben Hutton               0  0  0  -1  0   2  0  2  0  0  0/0    13:26   0:00   0:00 
Boone Jenner             0  1  1   0  0   1  0  0  0  0  11/22  15:25   0:00   3:12 
Brandon Saad             0  0  0  -1  0   2  0  0  0  0  0/1    17:18   3:30   0:00 
Carter Rowney            0  0  0   0  0   0  0  0  0  0  0/0     0:27   0:09   0:18 
Cedric Paquette          0  0  0   0  0   1  0  0  0  0  0/0     6:48   0:09   0:18 
Esa Lindell              0  0  0   0  0   2  2  1  0  0  0/0    25:26   4:12   3:07 
Jared Spurgeon           0  0  0   0  0   4  2  0  0  0  0/0    20:45   3:44   0:00 
Josh Bailey              1  0  1   0  0   2  0  0  0  0  0/0    20:29   4:17   0:00 
Logan Couture            0  2  2   0  0   2  0  2  0  0  18/25  20:29   4:17   0:00 
Marcus Foligno           0  1  1   0  0   1  0  0  0  0  0/0    12:13   0:00   0:00 
Matt Dumba               2  1  3   0  0   2  0  0  0  0  0/0    17:24   0:00   0:23 
Nick Foligno             1  0  1   0  0   3  5  0  0  0  0/0    20:29   4:17   0:00 
Pat Maroon               0  0  0   0  0   0  0  0  0  0  0/0     6:21   0:00   0:00 
Pierre-Edouard Bellemare 0  0  0   0  0   1  0  0  0  0  7/9     6:30   0:09   0:00 
Rasmus Ristolainen       0  1  1   0  4   0  2  1  0  0  0/0    22:06   3:44   0:17 
Ryan Strome              0  1  1  -1  0   3  2  0  0  0  18/23  17:18   3:30   0:00 
Scott Mayfield           0  0  0  -1  2   2  4  3  0  0  0/0    19:07   4:03   1:39 
Troy Stecher             0  0  0   0  0   0  0  0  0  0  0/0     1:43   0:09   1:34 

Players Stats for CALGARY

Player Name              G  A  P  +/- PIM S  H  SB GA TA FO     MP     PP MP  PK MP  
------------------------------------------------------------------------------------
Blake Coleman            1  2  3   2  0   3  2  0  0  0  0/1    20:29   1:45   2:29 
Brock Boeser             0  1  1  -1  0   2  0  0  0  0  0/1    15:22   1:10   0:27 
Chris Tierney            0  0  0  -1  0   2  1  0  0  0  10/25  18:07   0:00   4:22 
Derick Brassard          0  0  0   0  0   0  0  0  0  0  1/5     3:25   0:00   0:38 
Drake Caggiula           0  0  0  -1  0   1  4  0  0  0  0/1    13:51   0:00   0:06 
Elias Pettersson         0  1  1   0  0   0  2  0  0  0  4/17   17:32   1:45   0:00 
Jaccob Slavin            1  3  4   1  0   2  0  0  0  0  0/0    23:48   2:20   3:59 
Jake Gardiner            0  0  0   1  2   0  0  1  0  0  0/0    16:57   0:00   2:28 
Jamie Benn               1  1  2   2  0   5  1  1  0  0  8/25   20:29   1:45   2:29 
Joel Kellman             0  0  0   0  0   0  0  0  0  0  0/0     1:18   0:00   0:00 
Markus Nutivaara         0  0  0  -1  0   0  0  0  0  0  0/0    17:28   0:00   1:51 
Matt Nieto               0  0  0   0  0   0  0  0  0  0  0/0     2:47   0:00   0:00 
Mikhail Sergachev        0  0  0   1  2   1  2  2  0  0  0/0    24:11   2:20   3:25 
Mitchell Marner          2  0  2   0  0   3  0  0  0  0  1/2    24:22   1:45   5:21 
Patrik Laine             0  3  3   0  2   1  1  0  0  0  2/3    17:31   1:45   0:00 
Rasmus Dahlin            1  0  1   1  0   1  2  1  0  0  0/0    20:03   1:10   3:25 
Tyler Bertuzzi           1  1  2   2  0   3  0  0  0  0  0/0    18:00   1:45   0:00 
Zach Bogosian            0  1  1  -1  2   2  0  1  0  0  0/0    16:20   0:00   0:44 

3 Stars

1 - Blake Coleman (CGY)
2 - Jaccob Slavin (CGY)
3 - Jamie Benn (CGY)

Power Play

NEW YORK I - 0 on 4 Attempt(s) - 0.00%
CALGARY - 2 on 3 Attempt(s) - 66.67%

Penalty Kill

NEW YORK I - 1 on 3 Attempt(s) - 33.33% - Score 0 goal in Penalty Kill
CALGARY - 4 on 4 Attempt(s) - 100.00% - Score 0 goal in Penalty Kill

Team Stat

NEW YORK I - Hits : 20 - Faceoff Wins : 54 - Blocked Shots : 10 - Penalty Minutes : 6
CALGARY - Hits : 15 - Faceoff Wins : 26 - Blocked Shots : 6 - Penalty Minutes : 8

Official

Referees : Dave Lewis and Knarf Emot
Linesman : Dwayne Mackey and Kyle Flemington

Game Notes

Curtis McElhinney enters game at 1:08 of 3rd period

Finance

Level 1 -- Attendance: 6000 (100.00%) -- Ticket Income $480,000
Level 2 -- Attendance: 4402 (88.04%) -- Ticket Income $220,100
Level 3 -- Attendance: 2000 (100.00%) -- Ticket Income $60,000
Level 4 -- Attendance: 4000 (100.00%) -- Ticket Income $40,000
Luxury Box -- Attendance: 885 (88.50%) -- Ticket Income $154,875
Game was played at the Saddledome.
Total Attendance: 17287 (96.04%)
Total Ticket Income: $954,975
Total Income: $954,975

NEW YORK I

5 vs 5 Forward 
   Center                   Left Wing                Right Wing               Time % Phy DF OF 
 1 Logan Couture            Nick Foligno             Josh Bailey              35     1   1  3  
 2 Ryan Strome              Brandon Saad             Anthony Mantha           30     1   2  2  
 3 Boone Jenner             Marcus Foligno           Austin Watson            25     1   2  2  
 4 Pierre-Edouard Bellemare Pat Maroon               Cedric Paquette          10     2   3  0  

5 vs 5 Defense 
   Defense                  Defense                                           Time % Phy DF OF 
 1 Rasmus Ristolainen       Esa Lindell                                       35     1   2  2  
 2 Matt Dumba               Jared Spurgeon                                    30     1   2  2  
 3 Ben Hutton               Scott Mayfield                                    25     1   2  2  
 4 Rasmus Ristolainen       Esa Lindell                                       10     1   2  2  

PowerPlay Forward 
   Center                   Left Wing                Right Wing               Time % Phy DF OF 
 1 Logan Couture            Nick Foligno             Josh Bailey              60     1   2  2  
 2 Ryan Strome              Brandon Saad             Anthony Mantha           40     1   2  2  

PowerPlay Defense
   Defense                  Defense                                           Time % Phy DF OF 
 1 Rasmus Ristolainen       Jared Spurgeon                                    60     1   2  2  
 2 Scott Mayfield           Esa Lindell                                       40     1   2  2  

Penalty Kill 4 Players Forward 
   Center                   Wing                     Time % Phy DF OF 
 1 Boone Jenner             Austin Watson            60     1   2  2  
 2 Cedric Paquette          Carter Rowney            40     1   2  2  

Penalty Kill 4 Players Defense
   Defense                  Defense                  Time % Phy DF OF 
 1 Rasmus Ristolainen       Esa Lindell              60     1   2  2  
 2 Matt Dumba               Scott Mayfield           40     1   2  2  

Penalty Kill - 3 Players Forward 
   Forward                                           Time % Phy DF OF 
 1 Boone Jenner                                      60     1   2  2  
 2 Marcus Foligno                                    40     1   2  2  

Penalty Kill - 3 Players Defense
   Defense                  Defense                  Time % Phy DF OF 
 1 Rasmus Ristolainen       Esa Lindell              60     1   2  2  
 2 Jared Spurgeon           Scott Mayfield           40     1   2  2  

4 vs 4 Forward 
   Center                   Wing                     Time % Phy DF OF 
 1 Logan Couture            Brandon Saad             60     1   2  2  
 2 Ryan Strome              Anthony Mantha           40     1   2  2  

4 vs 4 Defense
   Defense                  Defense                  Time % Phy DF OF 
 1 Rasmus Ristolainen       Esa Lindell              60     1   2  2  
 2 Jared Spurgeon           Scott Mayfield           40     1   2  2  

Last Minutes Offensive
   Center                   Left Wing                Right Wing               Defense                  Defense                  
   Logan Couture            Brandon Saad             Anthony Mantha           Rasmus Ristolainen       Jared Spurgeon           

Last Minutes Defensive
   Center                   Left Wing                Right Wing               Defense                  Defense                  
   Boone Jenner             Marcus Foligno           Cedric Paquette          Rasmus Ristolainen       Scott Mayfield           

Goaltenders
Starting : Jacob Markstrom          
Backup : Curtis McElhinney        

Extra Forwards
Normal : Austin Watson, Josh Bailey, Pat Maroon - PP : Pierre-Edouard Bellemare, Cedric Paquette - PK : Austin Watson
Extra Defensemen
Normal : Troy Stecher, Jared Spurgeon, Ben Hutton - PP : Troy Stecher - PK : Scott Mayfield, Troy Stecher
Penalty Shots
Logan Couture, Anthony Mantha, Brandon Saad, Nick Foligno, Ryan Strome

Scratches
NYI Cap Hit (Suspend)

CALGARY

5 vs 5 Forward 
   Center                   Left Wing                Right Wing               Time % Phy DF OF 
 1 Elias Pettersson         Mitchell Marner          Patrik Laine             35     0   1  4  
 2 Jamie Benn               Tyler Bertuzzi           Blake Coleman            30     0   2  3  
 3 Chris Tierney            Drake Caggiula           Brock Boeser             25     0   2  3  
 4 Derick Brassard          Mitchell Marner          Matt Nieto               10     2   3  0  

5 vs 5 Defense 
   Defense                  Defense                                           Time % Phy DF OF 
 1 Jaccob Slavin            Mikhail Sergachev                                 35     0   2  3  
 2 Jake Gardiner            Rasmus Dahlin                                     30     0   2  3  
 3 Zach Bogosian            Markus Nutivaara                                  25     2   2  1  
 4 Jaccob Slavin            Mikhail Sergachev                                 10     1   2  2  

PowerPlay Forward 
   Center                   Left Wing                Right Wing               Time % Phy DF OF 
 1 Elias Pettersson         Mitchell Marner          Patrik Laine             60     0   1  4  
 2 Jamie Benn               Tyler Bertuzzi           Blake Coleman            40     0   1  4  

PowerPlay Defense
   Defense                  Defense                                           Time % Phy DF OF 
 1 Jaccob Slavin            Mikhail Sergachev                                 60     0   2  3  
 2 Brock Boeser             Rasmus Dahlin                                     40     0   2  3  

Penalty Kill 4 Players Forward 
   Center                   Wing                     Time % Phy DF OF 
 1 Chris Tierney            Mitchell Marner          60     1   4  0  
 2 Jamie Benn               Blake Coleman            40     1   4  0  

Penalty Kill 4 Players Defense
   Defense                  Defense                  Time % Phy DF OF 
 1 Jaccob Slavin            Mikhail Sergachev        60     1   4  0  
 2 Jake Gardiner            Rasmus Dahlin            40     1   4  0  

Penalty Kill - 3 Players Forward 
   Forward                                           Time % Phy DF OF 
 1 Chris Tierney                                     60     1   4  0  
 2 Blake Coleman                                     40     1   4  0  

Penalty Kill - 3 Players Defense
   Defense                  Defense                  Time % Phy DF OF 
 1 Jaccob Slavin            Mikhail Sergachev        60     1   4  0  
 2 Jake Gardiner            Rasmus Dahlin            40     1   4  0  

4 vs 4 Forward 
   Center                   Wing                     Time % Phy DF OF 
 1 Mitchell Marner          Elias Pettersson         60     0   1  4  
 2 Jamie Benn               Patrik Laine             40     0   2  3  

4 vs 4 Defense
   Defense                  Defense                  Time % Phy DF OF 
 1 Jaccob Slavin            Mikhail Sergachev        60     0   2  3  
 2 Brock Boeser             Rasmus Dahlin            40     0   2  3  

Last Minutes Offensive
   Center                   Left Wing                Right Wing               Defense                  Defense                  
   Elias Pettersson         Mitchell Marner          Patrik Laine             Jaccob Slavin            Mikhail Sergachev        

Last Minutes Defensive
   Center                   Left Wing                Right Wing               Defense                  Defense                  
   Elias Pettersson         Mitchell Marner          Patrik Laine             Jaccob Slavin            Mikhail Sergachev        

Goaltenders
Starting : Pavel Francouz           
Backup : Jack Campbell            

Extra Forwards
Normal : Joel Kellman, Chris Tierney, Brock Boeser - PP : Joel Kellman, Chris Tierney - PK : Brock Boeser
Extra Defensemen
Normal : Zach Bogosian, Markus Nutivaara, Jake Gardiner - PP : Zach Bogosian - PK : Markus Nutivaara, Jake Gardiner
Penalty Shots
Mitchell Marner, Elias Pettersson, Patrik Laine, Jamie Benn, Blake Coleman

Scratches
Anthony Bitetto (Healthy), CGY Cap Hit (Suspend)

% Time on Ice - NEW YORK I

Lines # - Real PCT - Wanted PCT - Time Play
Normal Forward
1 - 33% - 35% - 16:12
2 - 28% - 30% - 13:48
3 - 25% - 25% - 12:13
4 - 13% - 10% - 6:21
Normal Defense
1 - 34% - 35% - 16:34
2 - 35% - 30% - 17:01
3 - 28% - 25% - 13:26
4 - 3% - 10% - 1:33
PP Forward
1 - 56% - 60% - 4:26
2 - 44% - 40% - 3:30
PP Defense
1 - 47% - 60% - 3:44
2 - 53% - 40% - 4:12
PK Forward
1 - 91% - 60% - 3:12
2 - 9% - 40% - 0:18
PK Defense
1 - 89% - 60% - 3:07
2 - 11% - 40% - 0:23
PK3 Forward
1 - 0% - 60%
2 - 0% - 40%
PK3 Defense
1 - 0% - 60%
2 - 0% - 40%
44 Forward
1 - 0% - 60%
2 - 0% - 40%
44 Defense
1 - 0% - 60%
2 - 0% - 40%
Last Minute Offensive  - 0:00
Last Minute Defensive  - 0:00
Total
Forward - 60:00
Defense - 60:00

% Time on Ice - CALGARY

Lines # - Real PCT - Wanted PCT - Time Play
Normal Forward
1 - 32% - 35% - 15:47
2 - 33% - 30% - 16:15
3 - 28% - 25% - 13:45
4 - 6% - 10% - 2:47
Normal Defense
1 - 35% - 35% - 16:57
2 - 30% - 30% - 14:30
3 - 32% - 25% - 15:37
4 - 3% - 10% - 1:30
PP Forward
1 - 50% - 60% - 1:45
2 - 50% - 40% - 1:45
PP Defense
1 - 67% - 60% - 2:20
2 - 33% - 40% - 1:10
PK Forward
1 - 69% - 60% - 5:27
2 - 31% - 40% - 2:29
PK Defense
1 - 58% - 60% - 4:36
2 - 42% - 40% - 3:20
PK3 Forward
1 - 0% - 60%
2 - 0% - 40%
PK3 Defense
1 - 0% - 60%
2 - 0% - 40%
44 Forward
1 - 0% - 60%
2 - 0% - 40%
44 Defense
1 - 0% - 60%
2 - 0% - 40%
Last Minute Offensive  - 0:00
Last Minute Defensive  - 0:00
Total
Forward - 60:00
Defense - 60:00

Play-by-Play

1st period


0:01 of 1st period - Logan Couture wins face-off versus Elias Pettersson in neutral zone.
0:20 of 1st period - Shot by Mitchell Marner.
0:20 of 1st period - Goal by Mitchell Marner - NEW YORK I : 0 - CALGARY : 1.
0:21 of 1st period - Ryan Strome wins face-off versus Jamie Benn in neutral zone.
0:26 of 1st period - Shot by Ryan Strome.
0:26 of 1st period - Shot Misses the Net.
0:34 of 1st period - Shot by Blake Coleman.
0:34 of 1st period - Shot Hit the Post.
0:46 of 1st period - Shot by Jamie Benn.
0:46 of 1st period - Shot Misses the Net.
0:53 of 1st period - Jamie Benn is hit by Jared Spurgeon and loses puck.
1:28 of 1st period - Shot by Austin Watson.
1:28 of 1st period - Shot Blocked by Zach Bogosian.
1:37 of 1st period - Minor Penalty to Scott Mayfield for Goalie Interference.
1:38 of 1st period - Elias Pettersson wins face-off versus Boone Jenner in NEW YORK I zone.
1:52 of 1st period - Shot by Elias Pettersson.
1:52 of 1st period - Shot Blocked by Esa Lindell.
1:54 of 1st period - Shot by Jaccob Slavin.
1:54 of 1st period - Goal by Jaccob Slavin - NEW YORK I : 0 - CALGARY : 2.
1:55 of 1st period - Logan Couture wins face-off versus Chris Tierney in neutral zone.
2:53 of 1st period - Off-side.
2:54 of 1st period - Derick Brassard wins face-off versus Boone Jenner in neutral zone.
2:56 of 1st period - Jaccob Slavin is hit by Scott Mayfield and loses puck.
3:07 of 1st period - Shot by Mitchell Marner.
3:07 of 1st period - Shot Hit the Post.
3:09 of 1st period - Shot by Jaccob Slavin.
3:09 of 1st period - Shot Blocked by Scott Mayfield.
3:11 of 1st period - Shot by Jaccob Slavin.
3:11 of 1st period - Shot Misses the Net.
3:13 of 1st period - Shot by Mitchell Marner.
3:13 of 1st period - Deflect By Matt Nieto.
3:13 of 1st period - Shot Misses the Net.
3:29 of 1st period - Shot by Boone Jenner.
3:29 of 1st period - Shot Blocked by Mikhail Sergachev.
4:27 of 1st period - Matt Dumba is hit by Jamie Benn and loses puck.
4:42 of 1st period - Shot by Chris Tierney.
4:42 of 1st period - Stopped by Jacob Markstrom without a rebound.
4:43 of 1st period - Logan Couture wins face-off versus Elias Pettersson in NEW YORK I zone.
5:13 of 1st period - Shot by Logan Couture.
5:13 of 1st period - Stopped by Pavel Francouz with a rebound.
6:02 of 1st period - Shot by Ben Hutton.
6:02 of 1st period - Stopped by Pavel Francouz without a rebound.
6:03 of 1st period - Chris Tierney wins face-off versus Boone Jenner in CALGARY zone.
6:13 of 1st period - Shot by Matt Dumba.
6:13 of 1st period - Shot Misses the Net.
6:15 of 1st period - Shot by Boone Jenner.
6:15 of 1st period - Shot Misses the Net.
6:37 of 1st period - Off-side.
6:38 of 1st period - Ryan Strome wins face-off versus Jamie Benn in neutral zone.
6:57 of 1st period - Shot by Anthony Mantha.
6:57 of 1st period - Stopped by Pavel Francouz without a rebound.
6:58 of 1st period - Chris Tierney wins face-off versus Logan Couture in CALGARY zone.
6:58 of 1st period - Chris Tierney is hit by Nick Foligno.
7:01 of 1st period - Brock Boeser is hit by Nick Foligno and loses puck.
7:08 of 1st period - Shot by Logan Couture.
7:08 of 1st period - Shot Misses the Net.
7:10 of 1st period - Shot by Ben Hutton.
7:10 of 1st period - Stopped by Pavel Francouz with a rebound.
7:12 of 1st period - Shot by Scott Mayfield.
7:12 of 1st period - Deflect By Logan Couture.
7:12 of 1st period - Stopped by Pavel Francouz with a rebound.
7:14 of 1st period - Shot by Josh Bailey.
7:14 of 1st period - Stopped by Pavel Francouz without a rebound.
7:15 of 1st period - Jamie Benn wins face-off versus Ryan Strome in CALGARY zone.
7:42 of 1st period - Shot by Blake Coleman.
7:42 of 1st period - Stopped by Jacob Markstrom without a rebound.
7:43 of 1st period - Elias Pettersson wins face-off versus Logan Couture in NEW YORK I zone.
8:15 of 1st period - Shot by Nick Foligno.
8:15 of 1st period - Goal by Nick Foligno - NEW YORK I : 1 - CALGARY : 2.
8:16 of 1st period - Chris Tierney wins face-off versus Pierre-Edouard Bellemare in neutral zone.
8:28 of 1st period - Icing by Chris Tierney.
8:29 of 1st period - Boone Jenner wins face-off versus Chris Tierney in CALGARY zone.
8:32 of 1st period - Shot by Austin Watson.
8:32 of 1st period - Shot Misses the Net.
9:10 of 1st period - Icing by Ben Hutton.
9:11 of 1st period - Boone Jenner wins face-off versus Elias Pettersson in NEW YORK I zone.
9:35 of 1st period - Shot by Josh Bailey.
9:35 of 1st period - Deflect By Logan Couture.
9:35 of 1st period - Shot Blocked by Mikhail Sergachev.
9:37 of 1st period - Shot by Josh Bailey.
9:37 of 1st period - Goal by Josh Bailey - NEW YORK I : 2 - CALGARY : 2.
9:38 of 1st period - Ryan Strome wins face-off versus Jamie Benn in neutral zone.
9:38 of 1st period - Matt Dumba is hit by Blake Coleman.
9:40 of 1st period - Shot by Brandon Saad.
9:40 of 1st period - Stopped by Pavel Francouz without a rebound.
9:41 of 1st period - Jamie Benn wins face-off versus Ryan Strome in CALGARY zone.
10:05 of 1st period - Zach Bogosian is hit by Anthony Mantha and loses puck.
10:23 of 1st period - Shot by Ryan Strome.
10:23 of 1st period - Shot Misses the Net.
11:44 of 1st period - Icing by Elias Pettersson.
11:45 of 1st period - Boone Jenner wins face-off versus Elias Pettersson in CALGARY zone.
13:46 of 1st period - Shot by Jamie Benn.
13:46 of 1st period - Stopped by Jacob Markstrom with a rebound.
13:48 of 1st period - Shot by Zach Bogosian.
13:48 of 1st period - Stopped by Jacob Markstrom without a rebound.
13:49 of 1st period - Pierre-Edouard Bellemare wins face-off versus Elias Pettersson in NEW YORK I zone.
14:30 of 1st period - Shot by Jamie Benn.
14:30 of 1st period - Stopped by Jacob Markstrom without a rebound.
14:31 of 1st period - Chris Tierney wins face-off versus Logan Couture in NEW YORK I zone.
14:41 of 1st period - Shot by Chris Tierney.
14:41 of 1st period - Shot Hit the Post.
14:43 of 1st period - Shot by Mikhail Sergachev.
14:43 of 1st period - Stopped by Jacob Markstrom without a rebound.
14:44 of 1st period - Ryan Strome wins face-off versus Jamie Benn in NEW YORK I zone.
15:08 of 1st period - Shot by Blake Coleman.
15:08 of 1st period - Shot Misses the Net.
15:10 of 1st period - Shot by Blake Coleman.
15:10 of 1st period - Stopped by Jacob Markstrom with a rebound.
15:12 of 1st period - Shot by Tyler Bertuzzi.
15:12 of 1st period - Shot Misses the Net.
15:14 of 1st period - Shot by Tyler Bertuzzi.
15:14 of 1st period - Stopped by Jacob Markstrom without a rebound.
15:15 of 1st period - Logan Couture wins face-off versus Drake Caggiula in NEW YORK I zone.
16:15 of 1st period - Minor Penalty to Mikhail Sergachev for Cross-checking.
16:16 of 1st period - Ryan Strome wins face-off versus Derick Brassard in CALGARY zone.
18:40 of 1st period - Icing by Rasmus Dahlin.
18:41 of 1st period - Pierre-Edouard Bellemare wins face-off versus Jamie Benn in CALGARY zone.
19:38 of 1st period - Brock Boeser is hit by Jared Spurgeon and loses puck.
Goals for this period are 2 for NEW YORK I vs 2 for CALGARY.
Shots for this period are 9 for NEW YORK I vs 10 for CALGARY.

2nd period


0:01 of 2nd period - Logan Couture wins face-off versus Elias Pettersson in neutral zone.
0:35 of 2nd period - Icing by Jaccob Slavin.
0:36 of 2nd period - Ryan Strome wins face-off versus Patrik Laine in CALGARY zone.
0:39 of 2nd period - Shot by Brandon Saad.
0:39 of 2nd period - Stopped by Pavel Francouz without a rebound.
0:40 of 2nd period - Jamie Benn wins face-off versus Brandon Saad in CALGARY zone.
0:54 of 2nd period - Off-side.
0:55 of 2nd period - Boone Jenner wins face-off versus Chris Tierney in neutral zone.
0:55 of 2nd period - Esa Lindell is hit by Drake Caggiula and loses puck.
1:02 of 2nd period - Shot by Brock Boeser.
1:02 of 2nd period - Shot Misses the Net.
1:04 of 2nd period - Shot by Drake Caggiula.
1:04 of 2nd period - Stopped by Jacob Markstrom without a rebound.
1:05 of 2nd period - Logan Couture wins face-off versus Elias Pettersson in NEW YORK I zone.
1:34 of 2nd period - Shot by Patrik Laine.
1:34 of 2nd period - Stopped by Jacob Markstrom with a rebound.
2:16 of 2nd period - Shot by Tyler Bertuzzi.
2:16 of 2nd period - Shot Hit the Post.
2:18 of 2nd period - Shot by Jamie Benn.
2:18 of 2nd period - Shot Blocked by Logan Couture.
2:20 of 2nd period - Shot by Tyler Bertuzzi.
2:20 of 2nd period - Stopped by Jacob Markstrom without a rebound.
2:21 of 2nd period - Ryan Strome wins face-off versus Chris Tierney in NEW YORK I zone.
2:29 of 2nd period - Icing by Brock Boeser.
2:30 of 2nd period - Boone Jenner wins face-off versus Brock Boeser in CALGARY zone.
2:43 of 2nd period - Shot by Matt Dumba.
2:43 of 2nd period - Goal by Matt Dumba - NEW YORK I : 3 - CALGARY : 2.
2:44 of 2nd period - Ryan Strome wins face-off versus Mitchell Marner in neutral zone.
3:03 of 2nd period - Shot by Elias Pettersson.
3:03 of 2nd period - Shot Misses the Net.
3:12 of 2nd period - Mitchell Marner is hit by Scott Mayfield and loses puck.
3:15 of 2nd period - Shot by Mitchell Marner.
3:15 of 2nd period - Deflect By Patrik Laine.
3:15 of 2nd period - Shot Blocked by Scott Mayfield.
3:17 of 2nd period - Shot by Mitchell Marner.
3:17 of 2nd period - Goal by Mitchell Marner - NEW YORK I : 3 - CALGARY : 3.
3:18 of 2nd period - Jamie Benn wins face-off versus Boone Jenner in neutral zone.
3:23 of 2nd period - Shot by Jamie Benn.
3:23 of 2nd period - Shot Misses the Net.
3:25 of 2nd period - Shot by Jamie Benn.
3:25 of 2nd period - Goal by Jamie Benn - NEW YORK I : 3 - CALGARY : 4.
3:26 of 2nd period - Boone Jenner wins face-off versus Jamie Benn in neutral zone.
3:52 of 2nd period - Minor Penalty to Jake Gardiner for Holding.
3:53 of 2nd period - Chris Tierney wins face-off versus Logan Couture in CALGARY zone.
4:54 of 2nd period - Shot by Esa Lindell.
4:54 of 2nd period - Stopped by Pavel Francouz without a rebound.
4:55 of 2nd period - Jamie Benn wins face-off versus Ryan Strome in CALGARY zone.
5:06 of 2nd period - Shot by Anthony Mantha.
5:06 of 2nd period - Shot Misses the Net.
5:08 of 2nd period - Shot by Esa Lindell.
5:08 of 2nd period - Stopped by Pavel Francouz without a rebound.
5:09 of 2nd period - Logan Couture wins face-off versus Jamie Benn in CALGARY zone.
5:10 of 2nd period - Shot by Jared Spurgeon.
5:10 of 2nd period - Stopped by Pavel Francouz without a rebound.
5:11 of 2nd period - Logan Couture wins face-off versus Chris Tierney in CALGARY zone.
7:28 of 2nd period - Scott Mayfield is hit by Patrik Laine and loses puck.
8:17 of 2nd period - Logan Couture is hit by Mikhail Sergachev and loses puck.
8:34 of 2nd period - Shot by Nick Foligno.
8:34 of 2nd period - Deflect By Logan Couture.
8:34 of 2nd period - Shot Misses the Net.
9:23 of 2nd period - Icing by Rasmus Dahlin.
9:24 of 2nd period - Chris Tierney wins face-off versus Boone Jenner in CALGARY zone.
9:35 of 2nd period - Shot by Brock Boeser.
9:35 of 2nd period - Shot Blocked by Austin Watson.
9:57 of 2nd period - Shot by Boone Jenner.
9:57 of 2nd period - Stopped by Pavel Francouz without a rebound.
9:58 of 2nd period - Ryan Strome wins face-off versus Derick Brassard in CALGARY zone.
10:13 of 2nd period - Shot by Ryan Strome.
10:13 of 2nd period - Stopped by Pavel Francouz without a rebound.
10:14 of 2nd period - Logan Couture wins face-off versus Jamie Benn in CALGARY zone.
10:41 of 2nd period - Shot by Nick Foligno.
10:41 of 2nd period - Stopped by Pavel Francouz without a rebound.
10:42 of 2nd period - Ryan Strome wins face-off versus Chris Tierney in CALGARY zone.
10:44 of 2nd period - Minor Penalty to Zach Bogosian for Charging.
10:45 of 2nd period - Ryan Strome wins face-off versus Chris Tierney in CALGARY zone.
10:50 of 2nd period - Shot by Brandon Saad.
10:50 of 2nd period - Shot Misses the Net.
10:52 of 2nd period - Shot by Rasmus Ristolainen.
10:52 of 2nd period - Shot Misses the Net.
11:04 of 2nd period - Shot by Brandon Saad.
11:04 of 2nd period - Shot Misses the Net.
11:06 of 2nd period - Shot by Jared Spurgeon.
11:06 of 2nd period - Stopped by Pavel Francouz with a rebound.
11:24 of 2nd period - Shot by Ryan Strome.
11:24 of 2nd period - Shot Misses the Net.
11:37 of 2nd period - Icing by Logan Couture.
11:38 of 2nd period - Logan Couture wins face-off versus Jamie Benn in NEW YORK I zone.
12:36 of 2nd period - Jared Spurgeon is hit by Rasmus Dahlin and loses puck.
12:51 of 2nd period - Shot by Marcus Foligno.
12:51 of 2nd period - Shot Misses the Net.
13:24 of 2nd period - Icing by Zach Bogosian.
13:25 of 2nd period - Pierre-Edouard Bellemare wins face-off versus Elias Pettersson in CALGARY zone.
13:29 of 2nd period - Icing by Zach Bogosian.
13:30 of 2nd period - Elias Pettersson wins face-off versus Ryan Strome in CALGARY zone.
13:30 of 2nd period - Elias Pettersson is hit by Anthony Mantha.
13:35 of 2nd period - Joel Kellman is hit by Esa Lindell and loses puck.
13:41 of 2nd period - Minor Penalty to Rasmus Ristolainen for Holding.
13:42 of 2nd period - Boone Jenner wins face-off versus Jamie Benn in NEW YORK I zone.
13:48 of 2nd period - Icing by Jamie Benn.
13:49 of 2nd period - Boone Jenner wins face-off versus Blake Coleman in CALGARY zone.
14:04 of 2nd period - Shot by Tyler Bertuzzi.
14:04 of 2nd period - Shot Misses the Net.
14:12 of 2nd period - Shot by Jamie Benn.
14:12 of 2nd period - Shot Misses the Net.
14:14 of 2nd period - Shot by Jaccob Slavin.
14:14 of 2nd period - Shot Blocked by Scott Mayfield.
14:16 of 2nd period - Shot by Jaccob Slavin.
14:16 of 2nd period - Stopped by Jacob Markstrom without a rebound.
14:17 of 2nd period - Patrik Laine wins face-off versus Boone Jenner in NEW YORK I zone.
14:32 of 2nd period - Shot by Brock Boeser.
14:32 of 2nd period - Stopped by Jacob Markstrom without a rebound.
14:33 of 2nd period - Jamie Benn wins face-off versus Boone Jenner in NEW YORK I zone.
15:06 of 2nd period - Shot by Jamie Benn.
15:06 of 2nd period - Stopped by Jacob Markstrom with a rebound.
15:08 of 2nd period - Shot by Jamie Benn.
15:08 of 2nd period - Shot Misses the Net.
15:10 of 2nd period - Shot by Jaccob Slavin.
15:10 of 2nd period - Shot Misses the Net.
15:56 of 2nd period - Shot by Jared Spurgeon.
15:56 of 2nd period - Stopped by Pavel Francouz without a rebound.
15:57 of 2nd period - Chris Tierney wins face-off versus Ryan Strome in CALGARY zone.
15:57 of 2nd period - Brock Boeser is hit by Ryan Strome and loses puck.
16:15 of 2nd period - Drake Caggiula is hit by Scott Mayfield and loses puck.
16:20 of 2nd period - Shot by Chris Tierney.
16:20 of 2nd period - Stopped by Jacob Markstrom with a rebound.
17:13 of 2nd period - Shot by Tyler Bertuzzi.
17:13 of 2nd period - Goal by Tyler Bertuzzi - NEW YORK I : 3 - CALGARY : 5.
17:14 of 2nd period - Pierre-Edouard Bellemare wins face-off versus Elias Pettersson in neutral zone.
17:22 of 2nd period - Icing by Markus Nutivaara.
17:23 of 2nd period - Mitchell Marner wins face-off versus Logan Couture in CALGARY zone.
17:23 of 2nd period - Mitchell Marner is hit by Nick Foligno.
17:36 of 2nd period - Patrik Laine is hit by Esa Lindell and loses puck.
18:35 of 2nd period - Shot by Austin Watson.
18:35 of 2nd period - Shot Misses the Net.
19:01 of 2nd period - Shot by Blake Coleman.
19:01 of 2nd period - Shot Blocked by Ben Hutton.
19:04 of 2nd period - Icing by Scott Mayfield.
19:05 of 2nd period - Ryan Strome wins face-off versus Chris Tierney in NEW YORK I zone.
19:07 of 2nd period - Scott Mayfield is hit by Drake Caggiula.
19:18 of 2nd period - Brandon Saad is hit by Rasmus Dahlin and loses puck.
19:27 of 2nd period - Shot by Ryan Strome.
19:27 of 2nd period - Stopped by Pavel Francouz with a rebound.
19:31 of 2nd period - Shot by Ryan Strome.
19:31 of 2nd period - Deflect By Anthony Mantha.
19:31 of 2nd period - Stopped by Pavel Francouz without a rebound.
19:32 of 2nd period - Logan Couture wins face-off versus Derick Brassard in CALGARY zone.
19:53 of 2nd period - Shot by Mitchell Marner.
19:53 of 2nd period - Shot Misses the Net.
19:54 of 2nd period - Minor Penalty to Rasmus Ristolainen for Elbowing.
19:55 of 2nd period - Jamie Benn wins face-off versus Boone Jenner in NEW YORK I zone.
19:56 of 2nd period - Shot by Brock Boeser.
19:56 of 2nd period - Shot Misses the Net.
Goals for this period are 1 for NEW YORK I vs 3 for CALGARY.
Shots for this period are 12 for NEW YORK I vs 10 for CALGARY.

3rd period


0:01 of 3rd period - Boone Jenner wins face-off versus Elias Pettersson in neutral zone.
0:30 of 3rd period - Esa Lindell is hit by Elias Pettersson and loses puck.
0:59 of 3rd period - Esa Lindell is hit by Blake Coleman and loses puck.
1:08 of 3rd period - Shot by Rasmus Dahlin.
1:08 of 3rd period - Goal by Rasmus Dahlin - NEW YORK I : 3 - CALGARY : 6.
1:08 of 3rd period - Curtis McElhinney enters game.
1:09 of 3rd period - Chris Tierney wins face-off versus Logan Couture in neutral zone.
1:26 of 3rd period - Shot by Zach Bogosian.
1:26 of 3rd period - Stopped by Curtis McElhinney without a rebound.
1:27 of 3rd period - Ryan Strome wins face-off versus Jamie Benn in NEW YORK I zone.
2:24 of 3rd period - Brandon Saad is hit by Elias Pettersson and loses puck.
2:25 of 3rd period - Minor Penalty to Patrik Laine for High sticking.
2:26 of 3rd period - Logan Couture wins face-off versus Chris Tierney in CALGARY zone.
2:43 of 3rd period - Shot by Scott Mayfield.
2:43 of 3rd period - Stopped by Pavel Francouz without a rebound.
2:44 of 3rd period - Chris Tierney wins face-off versus Logan Couture in CALGARY zone.
3:15 of 3rd period - Shot by Scott Mayfield.
3:15 of 3rd period - Stopped by Pavel Francouz without a rebound.
3:16 of 3rd period - Ryan Strome wins face-off versus Jamie Benn in CALGARY zone.
4:28 of 3rd period - Off-side.
4:29 of 3rd period - Jamie Benn wins face-off versus Boone Jenner in neutral zone.
4:46 of 3rd period - Shot by Tyler Bertuzzi.
4:46 of 3rd period - Shot Misses the Net.
5:11 of 3rd period - Icing by Blake Coleman.
5:12 of 3rd period - Logan Couture wins face-off versus Jamie Benn in CALGARY zone.
5:19 of 3rd period - Shot by Logan Couture.
5:19 of 3rd period - Shot Blocked by Jamie Benn.
5:44 of 3rd period - Logan Couture is hit by Mikhail Sergachev and loses puck.
5:53 of 3rd period - Icing by Rasmus Ristolainen.
5:54 of 3rd period - Logan Couture wins face-off versus Chris Tierney in NEW YORK I zone.
6:09 of 3rd period - Nick Foligno is hit by Drake Caggiula and loses puck.
6:26 of 3rd period - Brock Boeser is hit by Rasmus Ristolainen and loses puck.
7:21 of 3rd period - Elias Pettersson is hit by Ryan Strome and loses puck.
7:32 of 3rd period - Shot by Ryan Strome.
7:32 of 3rd period - Stopped by Pavel Francouz with a rebound.
7:55 of 3rd period - Icing by Boone Jenner.
7:56 of 3rd period - Boone Jenner wins face-off versus Jamie Benn in NEW YORK I zone.
8:45 of 3rd period - Icing by Scott Mayfield.
8:46 of 3rd period - Pierre-Edouard Bellemare wins face-off versus Chris Tierney in NEW YORK I zone.
8:46 of 3rd period - Pierre-Edouard Bellemare is hit by Drake Caggiula.
8:51 of 3rd period - Off-side.
8:52 of 3rd period - Ryan Strome wins face-off versus Chris Tierney in neutral zone.
9:01 of 3rd period - Shot by Brock Boeser.
9:01 of 3rd period - Shot Misses the Net.
9:07 of 3rd period - Shot by Brock Boeser.
9:07 of 3rd period - Stopped by Curtis McElhinney without a rebound.
9:08 of 3rd period - Patrik Laine wins face-off versus Pierre-Edouard Bellemare in NEW YORK I zone.
9:42 of 3rd period - Shot by Pierre-Edouard Bellemare.
9:42 of 3rd period - Stopped by Pavel Francouz without a rebound.
9:43 of 3rd period - Logan Couture wins face-off versus Chris Tierney in CALGARY zone.
10:35 of 3rd period - Shot by Ryan Strome.
10:35 of 3rd period - Shot Blocked by Rasmus Dahlin.
10:37 of 3rd period - Shot by Anthony Mantha.
10:37 of 3rd period - Stopped by Pavel Francouz without a rebound.
10:38 of 3rd period - Elias Pettersson wins face-off versus Boone Jenner in CALGARY zone.
11:14 of 3rd period - Shot by Elias Pettersson.
11:14 of 3rd period - Deflect By Mitchell Marner.
11:14 of 3rd period - Stopped by Curtis McElhinney without a rebound.
11:15 of 3rd period - Ryan Strome wins face-off versus Jamie Benn in NEW YORK I zone.
11:17 of 3rd period - Icing by Anthony Mantha.
11:18 of 3rd period - Ryan Strome wins face-off versus Jamie Benn in NEW YORK I zone.
11:23 of 3rd period - Shot by Jared Spurgeon.
11:23 of 3rd period - Stopped by Pavel Francouz with a rebound.
11:45 of 3rd period - Shot by Jamie Benn.
11:45 of 3rd period - Stopped by Curtis McElhinney with a rebound.
11:47 of 3rd period - Shot by Zach Bogosian.
11:47 of 3rd period - Shot Misses the Net.
11:49 of 3rd period - Shot by Blake Coleman.
11:49 of 3rd period - Goal by Blake Coleman - NEW YORK I : 3 - CALGARY : 7.
11:50 of 3rd period - Logan Couture wins face-off versus Elias Pettersson in neutral zone.
12:09 of 3rd period - Shot by Mitchell Marner.
12:09 of 3rd period - Shot Misses the Net.
12:11 of 3rd period - Shot by Jaccob Slavin.
12:11 of 3rd period - Shot Blocked by Logan Couture.
12:19 of 3rd period - Shot by Nick Foligno.
12:19 of 3rd period - Stopped by Pavel Francouz without a rebound.
12:20 of 3rd period - Boone Jenner wins face-off versus Chris Tierney in CALGARY zone.
12:31 of 3rd period - Shot by Marcus Foligno.
12:31 of 3rd period - Stopped by Pavel Francouz without a rebound.
12:32 of 3rd period - Ryan Strome wins face-off versus Jamie Benn in CALGARY zone.
12:58 of 3rd period - Shot by Matt Dumba.
12:58 of 3rd period - Deflect By Anthony Mantha.
12:58 of 3rd period - Shot Misses the Net.
13:00 of 3rd period - Shot by Matt Dumba.
13:00 of 3rd period - Goal by Matt Dumba - NEW YORK I : 4 - CALGARY : 7.
13:01 of 3rd period - Logan Couture wins face-off versus Elias Pettersson in neutral zone.
13:20 of 3rd period - Shot by Josh Bailey.
13:20 of 3rd period - Shot Misses the Net.
14:21 of 3rd period - Shot by Brock Boeser.
14:21 of 3rd period - Shot Blocked by Ben Hutton.
14:27 of 3rd period - Scott Mayfield is hit by Chris Tierney and loses puck.
14:47 of 3rd period - Icing by Jake Gardiner.
14:48 of 3rd period - Chris Tierney wins face-off versus Boone Jenner in CALGARY zone.
15:44 of 3rd period - Tyler Bertuzzi is hit by Rasmus Ristolainen.
16:10 of 3rd period - Icing by Rasmus Ristolainen.
16:11 of 3rd period - Pierre-Edouard Bellemare wins face-off versus Elias Pettersson in NEW YORK I zone.
16:42 of 3rd period - Patrik Laine is hit by Scott Mayfield and loses puck.
16:49 of 3rd period - Jaccob Slavin is hit by Nick Foligno and loses puck.
17:12 of 3rd period - Patrik Laine is hit by Nick Foligno and loses puck.
17:33 of 3rd period - Rasmus Dahlin is hit by Anthony Mantha and loses puck.
17:52 of 3rd period - Shot by Anthony Mantha.
17:52 of 3rd period - Shot Misses the Net.
18:34 of 3rd period - Shot by Blake Coleman.
18:34 of 3rd period - Shot Misses the Net.
18:36 of 3rd period - Shot by Jamie Benn.
18:36 of 3rd period - Shot Blocked by Rasmus Ristolainen.
18:38 of 3rd period - Shot by Markus Nutivaara.
18:38 of 3rd period - Shot Misses the Net.
18:51 of 3rd period - Off-side.
18:52 of 3rd period - Pierre-Edouard Bellemare wins face-off versus Derick Brassard in neutral zone.
19:11 of 3rd period - Shot by Pierre-Edouard Bellemare.
19:11 of 3rd period - Shot Blocked by Jake Gardiner.
19:13 of 3rd period - Shot by Ben Hutton.
19:13 of 3rd period - Shot Hit the Post.
19:19 of 3rd period - Shot by Cedric Paquette.
19:19 of 3rd period - Stopped by Pavel Francouz without a rebound.
19:20 of 3rd period - Logan Couture wins face-off versus Chris Tierney in CALGARY zone.
Goals for this period are 1 for NEW YORK I vs 2 for CALGARY.
Shots for this period are 10 for NEW YORK I vs 6 for CALGARY.